 Dungeon Crawl Stone Soup version 0.18.1-48-g4cf74bf (webtiles) character file.

759 Drashi the Skirmisher (level 7, -3/79 HPs)
             Began as an Ogre Berserker on Aug 9, 2016.
             Was a Priest of Trog.
             Killed from afar by an orc wizard (5 damage)
             ... with a puff of frost
             ... on level 5 of the Dungeon.
             The game lasted 00:09:59 (5733 turns).

Drashi the Skirmisher (Ogre Berserker)              Turns: 5733, Time: 00:10:00

Health: -3/79      AC:  3    Str: 25    XL:     7   Next: 80%
Magic:  7/7        EV: 11    Int:  6    God:    Trog [***...]
Gold:   249        SH:  0    Dex:  9    Spells: 0 memorised, 6 levels left

rFire  . . .     SeeInvis .     B - +0 giant club
rCold  . . .     Gourm    .     b - +0 animal skin
rNeg   . . .     Faith    .     (shield currently unavailable)
rPois  .         Spirit   .     (helmet restricted)
rElec  .         Dismiss  .     (no cloak)
rCorr  .         Reflect  .     (gloves unavailable)
SustAt .         Harm     .     (boots unavailable)
MR     .....                    (no amulet)
Stlth  +.........               (no ring)
                                (no ring)

@: not resistant to hostile enchantments, very unstealthy
A: unfitting armour, tough skin 1
a: Berserk, Trog's Hand, Burn Spellbooks, Renounce Religion


You were on level 5 of the Dungeon.
You worshipped Trog.
Trog was most pleased with you.
You were very hungry.

You visited 1 branch of the dungeon, and saw 5 of its levels.

You collected 249 gold pieces.

Inventory:

Hand Weapons
 a - a +0 mace
 B - a +0 giant club (weapon)
Armour
 b - a +0 animal skin (worn)
Jewellery
 l - an uncursed ring of see invisible {unknown}
Wands
 t - a wand of acid (5/15)
Scrolls
 d - 2 scrolls of fear {unknown}
 g - 3 scrolls of amnesia {unknown}
 h - 4 scrolls of identify {unknown}
 j - a scroll of magic mapping {unknown}
 s - 2 scrolls of enchant armour {unknown}
 u - a scroll of blinking {unknown}
 v - 2 scrolls of immolation {unknown}
 x - 2 scrolls of enchant weapon {unknown}
 y - a scroll of teleportation {unknown}
 C - a scroll of remove curse {unknown}
Potions
 e - a potion of might
 f - a potion of heal wounds {unknown}
 k - 2 potions of curing
 m - a potion of haste {unknown}
 p - 2 potions of cure mutation {unknown}
 w - 3 potions of flight {unknown}
 A - a potion of resistance {unknown}
 D - a potion of cancellation {unknown}
Books
 z - Cilli's Beginning Course on Thaumaturgy
   (You found it on level 5 of the Dungeon)

   Spells                             Type                      Level
   a - Infusion                       Charms                       1
   b - Sting                          Conjuration/Poison           1
   c - Magic Dart                     Conjuration                  1
   d - Flame Tongue                   Conjuration/Fire             1
   e - Corona                         Hexes                        1
   Trog disapproves of the use of such an item.
Comestibles
 c - 3 bread rations
 i - a beef jerky
 n - a royal jelly
 o - 3 slices of pizza
 q - 5 fruits
 r - 2 meat rations


   Skills:
 * Level 7.6 Fighting
 * Level 7.5 Maces & Flails
 + Level 4.9 Dodging
 + Level 1.0 Stealth


You had 6 spell levels left.
You didn't know any spells.

Dungeon Overview and Level Annotations

Branches:
Dungeon (5/15)
 Temple: D:4-7

Altars:
Fedhas
Trog
Yredelemnul

Annotations:
D:5 smzp's ghost, novice HESk


Innate Abilities, Weirdness & Mutations

You are too large for most types of armour.
You have tough skin (AC +1).


Message History

You feel sick. Something hits you but does no damage.
You feel sick.
You feel sick. Something hits you.
* * * LOW HITPOINT WARNING * * *
You feel sick. Something hits you.
* * * LOW HITPOINT WARNING * * *
A magic dart appears from out of thin air!
The magic dart hits you!
* * * LOW HITPOINT WARNING * * *
You feel sick.
It was a potion of curing.
You feel better. Something completely misses you.
Something hits you but does no damage.
An orc wizard appears from thin air!
Reactivating autopickup.
The orc wizard gestures at you while chanting.
The magic dart hits you!
* * * LOW HITPOINT WARNING * * *
The orc wizard casts a spell at you. The puff of frost hits you!
You die...

#o# #.# ##o####
#...o.# #####o#
############
#o###+#...........
#.#.......######..
#.#........#####).
#@#............+..
#.#........#####..
#.#........# #..
#.#.[......# #..
#.'........# #..
###........# #..
#........### #..
#####'#...[# #..
#.#..#.# #..


You could see an orc wizard and 2 orcs.

Vanquished Creatures
  An ogre (D:5)
  A phantom (D:4)
  A centaur (D:3)
  2 scorpions
  A hound (D:4)
  A jelly (D:4)
  Jessica (D:2)
  2 orc wizards
  2 worker ants (D:4)
  A hound zombie (D:5)
  4 adders
  6 gnolls
  2 oozes (D:3)
  A worm (D:2)
  3 dart slugs
  2 giant geckos
  15 orcs
  3 giant cockroaches
  9 goblins
  7 hobgoblins
  2 jackals (D:3)
  4 quokkas
  A ball python skeleton (D:5)
  9 bats
  A giant gecko zombie (D:5)
  4 giant newts
  A jackal skeleton (D:4)
  9 kobolds
  A quokka skeleton (D:4)
  A quokka zombie (D:5)
  8 rats
106 creatures vanquished.

Notes
Turn   | Place    | Note
--------------------------------------------------------------
     0 | D:1      | Drashi the Ogre Berserker began the quest for the Orb.
     0 | D:1      | Reached XP level 1. HP: 24/24 MP: 1/1
   116 | D:1      | Reached XP level 2. HP: 26/33 MP: 2/2
   925 | D:2      | Reached XP level 3. HP: 34/40 MP: 3/3
   987 | D:2      | Noticed Jessica
  1003 | D:2      | Killed Jessica
  1003 | D:2      | Reached ** piety under Trog
  1003 | D:2      | Reached skill level 5 in Maces & Flails
  1220 | D:2      | Reached XP level 4. HP: 18/49 MP: 4/4
  1610 | D:2      | Reached skill level 5 in Fighting
  1912 | D:2      | Found a blossoming altar of Fedhas.
  2075 | D:3      | Reached XP level 5. HP: 43/57 MP: 5/5
  2554 | D:3      | Found a basalt altar of Yredelemnul.
  2636 | D:3      | Noticed a centaur
  2649 | D:3      | Killed a centaur
  2649 | D:3      | Reached XP level 6. HP: 24/67 MP: 6/6
  2886 | D:3      | Reached *** piety under Trog
  3960 | D:4      | Found a bloodstained altar of Trog.
  3967 | D:4      | Noticed a phantom
  4019 | D:4      | Killed a phantom
  4019 | D:4      | Reached XP level 7. HP: 22/76 MP: 7/7
  5179 | D:5      | Entered Level 5 of the Dungeon
  5285 | D:5      | Reached skill level 1 in Stealth
  5486 | D:5      | Identified Cilli's Beginning Course on Thaumaturgy
  5695 | D:5      | Noticed smzp's ghost (novice HESk)
  5720 | D:5      | HP: 3/79 [something/magic dart (9)]
  5732 | D:5      | HP: 2/79 [orc wizard/magic dart (8)]
  5733 | D:5      | Killed from afar by an orc wizard

Skill      XL: |  1  2  3  4  5  6  7 |
---------------+----------------------+-----
Maces & Flails | 5 6 7 |  7.5
Dodging        | 3 4 |  4.9
Fighting       | 5 6 7 |  7.6
Stealth        | 1 |  1.0

Action                   |  1- 3 |  4- 6 |  7- 9 || total
-------------------------+-------+-------+-------++-------
Melee: Mace              |    97 |   186 |    85 ||   368
       Giant club        |       |       |    32 ||    32
Invok: Berserk           |       |     3 |     1 ||     4
  Use: Potion            |       |       |     1 ||     1
 Stab: Sleeping          |     1 |     1 |       ||     2
  Eat: Chunk             |     1 |     7 |     6 ||    14
       Bread ration      |       |     1 |       ||     1
Armor: Animal skin       |    25 |    65 |    19 ||   109
Dodge: Dodged            |    50 |   116 |    67 ||   233
